 Dungeon Crawl Stone Soup version 0.25-a0-280-gfa4545f (webtiles) character file.

Game seed: 16635243684228051412, levelgen mode: deterministic

711 BigZZ40 the Charlatan (level 7, -2/41 HPs)
             Began as a Tengu Artificer on Dec 10, 2019.
             Was an Initiate of Nemelex Xobeh.
             Slain by Duvessa
             ... wielding a +0 rapier
              (10 damage)
             ... on level 5 of the Dungeon.
             The game lasted 00:26:22 (3808 turns).

BigZZ40 the Charlatan (Tengu Artificer)             Turns: 3808, Time: 00:26:23

Health: -2/41      AC:  4    Str: 12    XL:     7   Next: 68%
Magic:  11/11      EV: 14    Int: 11    God:    Nemelex Xobeh [......]
Gold:   197        SH:  0    Dex: 17    Spells: 6/6 levels left

rFire    . . .     SeeInvis .   w - +0 short sword (speed)
rCold    . . .     Gourm    .   (no shield)
rNeg     . . .     Faith    .   b - +0 leather armour
rPois    .         Spirit   .   (helmet restricted)
rElec    .         Reflect  .   t - +0 cloak
rCorr    .         Harm     .   (no gloves)
MR       +....                  (boots unavailable)
Stlth    ++........             n - amulet of regeneration
HPRegen  0.53/turn              h - ring of protection from magic
MPRegen  0.12/turn              (no ring)

@: no status effects
A: beak, talons 3, able to fly
a: Fly, Draw Escape, Draw Destruction, Draw Summoning, Renounce Religion


You were on level 5 of the Dungeon.
You worshipped Nemelex Xobeh.
Nemelex Xobeh was noncommittal.
You were not hungry.

You visited 2 branches of the dungeon, and saw 6 of its levels.

You collected 197 gold pieces.

Inventory:

Hand Weapons
 a - a +0 short sword
 i - a +0 whip
 j - a +0 mace
 l - a +3 whip
 w - a +0 short sword of speed (weapon)
 x - a +0 spear
Missiles
 p - 8 poisoned darts (quivered)
 s - 86 stones
 A - 5 boomerangs
Armour
 b - a +0 leather armour (worn)
 t - a +0 cloak (worn)
Jewellery
 h - a ring of protection from magic (left hand)
 n - an amulet of regeneration (around neck)
Wands
 c - a wand of flame (14)
 d - a wand of enslavement (6)
 e - a wand of random effects (8)
 y - a wand of iceblast (8)
Scrolls
 k - a scroll of random uselessness
 o - 4 scrolls of immolation
 r - a scroll of fog
 C - a scroll of blinking {unknown}
 E - a scroll of magic mapping
Potions
 g - a potion of flight
 m - a potion of mutation {unknown}
 q - a potion of berserk rage {unknown}
 u - a potion of haste {unknown}
 v - a potion of resistance {unknown}
 z - a potion of heal wounds {unknown}
Miscellaneous
 B - a sack of spiders
Comestibles
 f - 2 rations
 D - 4 chunks of flesh


   Skills:
 + Level 3.1 Fighting
 + Level 3.9 Short Blades
 + Level 1.0 Maces & Flails
 + Level 1.9 Throwing
 + Level 3.5 Armour
 + Level 4.3 Dodging
 + Level 1.9 Stealth
 + Level 4.3 Evocations


You had 6 spell levels left.
You didn't know any spells.
Your spell library was empty.

Dungeon Overview and Level Annotations

Branches:
Dungeon (5/15)             Temple (1/1) D:4

Altars:
Ashenzari
Cheibriados
Dithmenos
Elyvilon
Fedhas
Gozag
Hepliaklqana
Kikubaaqudgha
Makhleb
Nemelex Xobeh
Okawaru
Qazlal
Ru
Sif Muna
Trog
Uskayaw
Vehumet
Wu Jian
Xom
Yredelemnul
Zin
The Shining One

Annotations:
D:5 Duvessa


Innate Abilities, Weirdness & Mutations

You have a beak for a mouth.
You have claws for feet.
You can fly continuously.


Message History

Ye hit Duvessa.
Ye claw Duvessa.
Duvessa be lightly wounded.
Duvessa hits ye wit' a +0 rapier!
Ye closely miss Duvessa.
Yer kick misses Duvessa.
Duvessa be lightly wounded.
Duvessa misses ye.
Ye closely miss Duvessa.
Ye claw Duvessa.
Ye peck Duvessa.
Duvessa be moderately wounded.
Duvessa hits ye wit' a +0 rapier!
* * * LOW HITPOINT WARNIN'
* * * Ye barely miss Duvessa.
Ye claw Duvessa.
Duvessa be moderately wounded.
Ye hit Duvessa.
Yer peck misses Duvessa.
Duvessa be moderately wounded.
Duvessa hits ye but does nay damage.
Ye hit Duvessa.
Ye claw Duvessa, but do nay damage.
Yer peck misses Duvessa.
Duvessa be heavily wounded.
Duvessa hits ye wit' a +0 rapier!
Ye die...
Yer body disappears without a glow.

..... . #....# .##
##.(..# .... .....#
#####..# #...# #......##
#!.(# #..>.....
.#####...#######........
........(..)....@e(.....
................(.......
........................
.####.....######........
#รท###.# #.)...### #.#
#.# ##.#### #)###.# .#
#.....# #### .# ###
##...## #..


You could see Duvessa (berserk).

Vanquished Creatures
  Prince Ribbit (D:5)
  An ogre (D:4)
  Dowan (D:5)
  A crimson imp (D:5)
  A bullfrog skeleton (D:4)
  3 hounds (D:4)
  2 iguanas (D:5)
  2 worker ants
  A gnoll (D:5)
  5 adders
  2 worms
  A dart slug (D:3)
  2 leopard geckos
  2 orcs (D:4)
  A ball python (D:1)
  5 bats
  5 giant cockroaches
  8 goblins
  4 hobgoblins
  7 kobolds
  4 frilled lizards
  4 rats
63 creatures vanquished.

Vanquished Creatures (collateral kills)
  A crimson imp (D:5)
  A goblin (D:1)
  A kobold (D:1)
  A ball python (D:4)
  2 bats (D:1)
6 creatures vanquished.

Vanquished Creatures (others)
  A rat (D:1)
1 creature vanquished.

Grand Total: 70 creatures vanquished

Notes
Turn   | Place    | Note
-------+----------+-------------------------------------------
     0 | D:1      | BigZZ40 the Tengu Artificer began the quest for the Orb.
     0 | D:1      | Reached XP level 1. HP: 12/12 MP: 4/4
    93 | D:1      | Reached XP level 2. HP: 15/16 MP: 5/5
   354 | D:1      | Reached XP level 3. HP: 4/20 MP: 6/6
  1236 | D:2      | Found a sacrificial altar of Ru.
  1636 | D:3      | Reached XP level 4. HP: 25/25 MP: 7/7
  2474 | D:4      | Reached skill level 1 in Armour
  2578 | D:4      | Found a staircase to the Ecumenical Temple.
  2636 | Temple   | Entered the Ecumenical Temple
  3081 | Temple   | Became a worshipper of Nemelex Xobeh the Trickster
  3119 | D:4      | Gained mutation: You can fly continuously. [Tengu growth]
  3119 | D:4      | Reached XP level 5. HP: 30/30 MP: 8/8
  3137 | D:4      | Noticed an ogre
  3174 | D:4      | Killed an ogre
  3286 | D:4      | Reached skill level 1 in Maces & Flails
  3286 | D:4      | Reached XP level 6. HP: 31/35 MP: 10/10
  3401 | D:4      | Reached skill level 1 in Throwing
  3596 | D:5      | Entered Level 5 of the Dungeon
  3596 | D:5      | Noticed Prince Ribbit
  3599 | D:5      | Received a gift from Nemelex Xobeh
  3654 | D:5      | Killed Prince Ribbit
  3654 | D:5      | Reached XP level 7. HP: 9/40 MP: 11/11
  3662 | D:5      | Identified a scroll of acquirement
  3668 | D:5      | Noticed Dowan
  3699 | D:5      | Killed Dowan
  3797 | D:5      | Noticed Duvessa
  3808 | D:5      | Slain by Duvessa

Levels and vault maps discovered:
D:1:      ncdulo_smallfort, layout_basic
D:2:      layout_basic, lemuel_doored_altar
D:3:      layout_loops_ring, nrook_uturn
D:4:      layout_cave_pools, minmay_temple_entry_wispy, serial_glass,
          glass_columns_c, glass_columns_b
D:5:      layout_loops_cross, serial_shops, nicolae_shop_trees, first_ration,
          uniq_prince_ribbit1, uniq_duvessa
Temple:   compressed_dpeg_triangle_lava_temple

Skill      XL: |  1  2  3  4  5  6  7 |
---------------+----------------------+-----
Dodging        | 3 4 |  4.3
Armour         | 1 2 3 |  3.5
Fighting       | 2 3 |  3.1
Short Blades   | 2 3 |  3.9
Evocations     | 4 |  4.3
Maces & Flails | 1 |  1.0
Throwing       | 1 |  1.9
Stealth        | |  1.9

Action                   |  1- 3 |  4- 6 |  7- 9 || total
-------------------------+-------+-------+-------++-------
Melee: Short sword       |    52 |   132 |    32 ||   216
       Peck              |    14 |    28 |     6 ||    48
       Kick              |    16 |    49 |    11 ||    76
       Whip              |    39 |    17 |       ||    56
Throw: Dart              |     7 |    14 |    14 ||    35
Evoke: Wand              |     7 |    10 |       ||    17
  Use: Scroll            |     5 |     4 |     2 ||    11
       Potion            |       |     1 |     1 ||     2
 Stab: Sleeping          |       |     1 |       ||     1
  Eat: Chunk             |     2 |     5 |       ||     7
       Ration            |       |     1 |       ||     1
Armor: Leather armour    |    27 |    23 |     3 ||    53
Dodge: Dodged            |    68 |    87 |    10 ||   165

Table legend:
 A = Non-vault XP
 B = Vault XP
 C = Vault XP percentage of total XP
 D = Non-vault monster count
 E = Vault monster count
 F = Vault count percentage of total count
                 A         B        C        D         E       F
            +---------+---------+-------+---------+---------+-------
      Total |     680 |     337 |  33.1 |      67 |       2 |   2.9
            +---------+---------+-------+---------+---------+-------
        D:1 |      39 |       0 |   0.0 |      24 |       0 |   0.0
        D:2 |      37 |       0 |   0.0 |      13 |       0 |   0.0
        D:3 |      40 |       0 |   0.0 |       9 |       0 |   0.0
        D:4 |     360 |       0 |   0.0 |      15 |       0 |   0.0
        D:5 |     204 |     337 |  62.3 |       6 |       2 |  25.0
            +---------+---------+-------+---------+---------+-------
